[Event "*** Titled Tuesday Blitz"]
[Site "Chess.com"]
[Date "2020.05.05"]
[Round "10"]
[White "albi1999"]
[Black "Alopekos"]
[Result "1-0"]
[WhiteElo "2638"]
[BlackElo "2484"]
[TimeControl "180+1"]
[EndTime "11:57:51 PDT"]
[Termination "albi1999 won on time"]

1. d4 Nf6 2. c4 e6 3. Nf3 d5 4. g3 Be7 5. Bg2 O-O 6. O-O dxc4 7. Qc2 b5 8. a4 b4 9. Nfd2 c6 10. Nxc4 Qxd4 11. Rd1 Qc5 12. Be3 Qh5 13. Nbd2 e5 14.
Nf3 Bf5 15. Qc1 e4 16. Nd4 Bh3 17. Bh1 Ng4 18. Bf4 f5 19. f3 Nf6 20. Ne6 Rc8 21. Nc7 Bc5+ 22. Ne3 Nbd7 23. Nxa8 g5 24. Bd6 Bxe3+ 25.
Qxe3 Nd5 26. Qd4 Rxa8 27. Rac1 1-0

[Event "*** Titled Tuesday Blitz"]
[Site "Chess.com"]
[Date "2020.05.05"]
[Round "10"]
[White "Lagmantr"]
[Black "TengisChess"]
[Result "0-1"]
[WhiteElo "2688"]
[BlackElo "2552"]
[TimeControl "180+1"]
[EndTime "11:57:51 PDT"]
[Termination "TengisChess won by resignation"]

1. e4 c6 2. d4 d5 3. Nc3 dxe4 4. Nxe4 Nf6 5. Nxf6+ gxf6 6. Ne2 h5 7. Nf4 h4 8. Bd3 Nd7 9. c4 e5 10. dxe5 Nxe5 11.
Be2 Qxd1+ 12. Kxd1 h3 13. Nxh3 Bxh3 14. gxh3 O-O-O+ 15. Kc2 Rxh3 16. Bf4 Rh4 17. Bg3 Re4 18. Rhe1 Bb4 19. f3 Bxe1 20. fxe4 Rd2+ 21. Kc3 Rd1+ 22. Bxe1 Rxa1 23. Kd2 Rxa2 24. Kc2 Ra1 25. Kd2 Rb1 26.
h4 Rxb2+ 27. Ke3 Ng6 28. h5 Rxe2+ 29. Kxe2 Nf4+ 30. Kf3 Nxh5 31. Kg4 Ng7 32. Bc3 Ne8 33.
c5 Kd7 34. Bd4 Ke6 35. Kf4 Nc7 36. Ba1 Na6 37. Bd4 Nb4 38. Bc3 Nd3+ 0-1

[Event "*** Titled Tuesday Blitz"]
[Site "Chess.com"]
[Date "2020.05.05"]
[Round "10"]
[White "Gloomy_Wanderer"]
[Black "Bulldog167"]
[Result "1/2-1/2"]
[WhiteElo "2794"]
[BlackElo "2922"]
[TimeControl "180+1"]
[EndTime "11:57:58 PDT"]
[Termination "Game drawn by agreement"]

1. Nf3 Nf6 2. c4 b6 3. g3 Bb7 4. Bg2 c5 5. O-O g6 6. b3 Bg7 7. Bb2 O-O 8. d4 cxd4 9. Qxd4 d6 10. Nc3 Ne4 11. Qe3 Nxc3 12. Bxc3 Bxc3 13. Qxc3 Nd7 14. Rac1 Rc8 15. Qd4 Rc5 16. Rfd1 Nf6 17. Qe3 Rc7 18. Rd4 Rc5 19. Rcd1 Qc7 20. Rh4 Rh5 21.
Rdd4 Rc8 22. Rxh5 Nxh5 23. Qh6 Bxf3 24. Bxf3 Nf6 25. g4 Qc5 26. e3 Qe5 27. g5 Ne8 28. Re4 Qa1+ 29. Kg2 e6 30. Rh4 Qg7 31. Qxg7+ Kxg7 32. Rd4 h6 33. gxh6+ Kxh6 34. Bb7 Rc7 35. Ba6 Rc5 36. Bb5 Nc7 37. Rxd6 Nxb5 38. cxb5 Rxb5 39. Rd7 Ra5 40. a4 Kg7 41. h4 b5 42. axb5 Rxb5 43. Rxa7 Rxb3 44. Kg3 1/2-1/2

[Event "*** Titled Tuesday Blitz"]
[Site "Chess.com"]
[Date "2020.05.05"]
[Round "10"]
[White "Kopytkin"]
[Black "IMinTheWings"]
[Result "1-0"]
[WhiteElo "2332"]
[BlackElo "2181"]
[TimeControl "180+1"]
[EndTime "11:57:59 PDT"]
[Termination "Kopytkin won by checkmate"]

1. e4 e6 2. d4 d5 3. e5 c5 4. c3 Nc6 5. Nf3 Nge7 6. Bd3 cxd4 7. cxd4 Nf5 8. Bxf5 exf5 9. O-O Be7 10. Nc3 Be6 11. a3 h6 12. b4 g5 13. Bb2 h5 14. Rc1 f4 15. Ne1 g4 16. Nd3 f3 17. Nc5 fxg2 18.
Kxg2 Bxc5 19. dxc5 h4 20. Nb5 g3 21. Nd6+ Kf8 22.
h3 Rg8 23. f4 d4 24. Qh5 Bd5+ 25. Kg1 Qd7 26. f5 Nxe5 27. Bxd4 f6 28. Bxe5 fxe5 29.
Rcd1 Qg7 30. Rxd5 g2 31. Rf2 Qg3 32. Qf7# 1-0

[Event "*** Titled Tuesday Blitz"]
[Site "Chess.com"]
[Date "2020.05.05"]
[Round "10"]
[White "gui_borba"]
[Black "LamaChampetre"]
[Result "1-0"]
[WhiteElo "2367"]
[BlackElo "2181"]
[TimeControl "180+1"]
[EndTime "11:58:00 PDT"]
[Termination "gui_borba won by resignation"]

1. d4 Nf6 2. Bf4 g6 3. Nc3 Bg7 4. e4 d6 5. Qd2 Nbd7 6. Nf3 c5 7. d5 a6 8. a4 O-O 9. Be2 Rb8 10. O-O Re8 11.
a5 b5 12. axb6 Nxb6 13. Ra2 c4 14. Nd4 Bd7 15. Rxa6 Qc8 16. Ra2 Qc5 17. Be3 Qb4 18. Rfa1 Ng4 19. Bxg4 Bxg4 20. Nc6 Bxc3 21. bxc3 Qb5 22.
Nxb8 Rxb8 23. h3 Bc8 24. Bd4 e5 25. dxe6 fxe6 26. Qe3 Nd7 27. Qg3 e5 28. Be3 Nf6 29. Qh4 Kg7 30. Ra7+ Bb7 31. Bg5 Rf8 32. Bh6+ 1-0

[Event "*** Titled Tuesday Blitz"]
[Site "Chess.com"]
[Date "2020.05.05"]
[Round "10"]
[White "Angry_Twin"]
[Black "Saxar85"]
[Result "1/2-1/2"]
[WhiteElo "2818"]
[BlackElo "2643"]
[TimeControl "180+1"]
[EndTime "11:58:01 PDT"]
[Termination "Game drawn by repetition"]

1. e4 e5 2. Nf3 Nc6 3. Bb5 a6 4. Ba4 Nf6 5. O-O Be7 6. d3 d6 7. Bb3 O-O 8. c3 b5 9. Re1 Na5 10. Bc2 c5 11. Nbd2 Re8 12. h3 Bb7 13. Nf1 Bf8 14. Ng3 h6 15. Be3 d5 16. Qe2 d4 17. Bd2 Nc6 18. a3 Rc8 19. Rad1 Qb6 20. Nf5 dxc3 21. bxc3 b4 22. axb4 cxb4 23. Ne3 bxc3 24. Bxc3 Nd4 25. Bxd4 exd4 26. Nc4 Qc5 27. Ba4 Bc6 28. Bxc6 Rxc6 29. Rc1 Nd5 30. Qd2 Nc3 31. Rf1 Rd8 32. Nce5 Re6 33. Nc4 Rc6 34. Nce5 Re6 35. Nc4 Rc6 1/2-1/2

[Event "*** Titled Tuesday Blitz"]
[Site "Chess.com"]
[Date "2020.05.05"]
[Round "10"]
[White "DishonorOnYourCow"]
[Black "Turquoise_2701"]
[Result "1-0"]
[WhiteElo "2325"]
[BlackElo "2155"]
[TimeControl "180+1"]
[EndTime "11:58:01 PDT"]
[Termination "DishonorOnYourCow won by resignation"]

1. d4 Nf6 2. c4 e6 3. Nf3 c5 4.
d5 exd5 5. cxd5 d6 6. Nc3 g6 7.
Nd2 Bg7 8. e4 a6 9. a4 O-O 10.
Be2 Re8 11. O-O Nbd7 12. Qc2 b6 13. h3 Qc7 14. Nc4 Rb8 15. Bf4 Bf8 16. Bh2 b5 17.
axb5 axb5 18. Na5 c4 19. Nc6 Rb7 20. Rfc1 b4 21. Na4 Nxe4 22. Qxc4 Ndc5 23. Nxc5 Nxc5 24. Bf3 Bf5 25. Re1 Qd7 26. Rxe8 Qxe8 27. Qe2 Qxe2 28.
Bxe2 Be4 29. Ra8 Rd7 30. Nxb4 Kg7 31. f3 Bc2 32. Nxc2 1-0

[Event "*** Titled Tuesday Blitz"]
[Site "Chess.com"]
[Date "2020.05.05"]
[Round "10"]
[White "1f3_2g41-0"]
[Black "chesstrainer2042"]
[Result "0-1"]
[WhiteElo "2293"]
[BlackElo "2443"]
[TimeControl "180+1"]
[EndTime "11:58:03 PDT"]
[Termination "chesstrainer2042 won by checkmate"]

1. e4 c5 2. Nf3 e6 3. d4 cxd4 4. Nxd4 a6 5. c4 Nf6 6. Nc3 Qc7 7. Nc2 b6 8. Bd3 Bb7 9. O-O d6 10. f4 Nbd7 11. Be3 Be7 12. Qf3 Nc5 13. Rad1 Nxd3 14.
Rxd3 Qxc4 15. Rd4 Qc7 16. Qg3 g6 17. e5 dxe5 18. fxe5 Nh5 19. Qf2 O-O 20. Bh6 Ng7 21. Ne3 f5 22. exf6 Rxf6 23. Rf4 Raf8 24. Ng4 Rf5 25.
Bxg7 Kxg7 26. Rxf5 Rxf5 27. Qd4+ e5 28. Qd3 Bc5+ 29.
Kh1 Qd6 30. Qc4 Qe6 31. Qxe6 Rxf1# 0-1

[Event "*** Titled Tuesday Blitz"]
[Site "Chess.com"]
[Date "2020.05.05"]
[Round "10"]
[White "White_Ghost"]
[Black "kasparicy"]
[Result "0-1"]
[WhiteElo "2436"]
[BlackElo "2325"]
[TimeControl "180+1"]
[EndTime "11:58:04 PDT"]
[Termination "kasparicy won by resignation"]

1. d4 Nf6 2. c4 g6 3. g3 Bg7 4.
Bg2 d6 5. Nc3 c6 6. Nf3 O-O 7.
O-O d5 8. cxd5 cxd5 9. Ne5 Nc6 10. Nxc6 bxc6 11. Qa4 Qb6 12. e3 Nd7 13. Qa3 e5 14.
dxe5 Nxe5 15. Na4 Qa5 16. Rd1 Bg4 17. Bd2 Qa6 18. Bf1 Qc8 19. Kh1 Bf3+ 20. Kg1 Qg4 21.
Rdc1 Be4 22. Bg2 Nf3+ 23. Bxf3 Qxf3 24. Kf1 d4 25. exd4 Qg2+ 26. Ke2 Rfe8 27. Be3 Bf3+ 28. Kd2 Bh6 29. Rf1 Bxe3+ 30. Kc3 Bh6 31. Rae1 Rxe1 32. Rxe1 Qxf2 33. Rc1 Bxc1 0-1

[Event "*** Titled Tuesday Blitz"]
[Site "Chess.com"]
[Date "2020.05.05"]
[Round "10"]
[White "elohunter1999"]
[Black "Mikhail_Biryukov"]
[Result "1-0"]
[WhiteElo "2545"]
[BlackElo "2670"]
[TimeControl "180+1"]
[EndTime "11:58:05 PDT"]
[Termination "elohunter1999 won by resignation"]

1. e4 c5 2. Nf3 Nc6 3. d4 cxd4 4. Nxd4 Nf6 5. Nc3 e5 6. Ndb5 d6 7. Bg5 a6 8. Na3 b5 9. Bxf6 gxf6 10. Nd5 Bg7 11. Bd3 O-O 12. Qh5 Ne7 13. O-O f5 14.
Nxe7+ Qxe7 15. exf5 e4 16. Rae1 d5 17. c3 b4 18. Nc2 bxc3 19. bxc3 Qf6 20. Be2 Qxf5 21.
Qxf5 Bxf5 22. Nd4 Bg6 23. Rc1 Rfc8 24. Rfd1 Rc7 25. h4 Bh6 26. h5 Bxc1 27. Rxc1 Rac8 28.
hxg6 hxg6 29. Bxa6 Rxc3 30. Rxc3 Rxc3 31. Bb7 Rd3 32. Ne2 f5 33. a4 d4 34. a5 Rd1+ 35. Kh2 d3 36. Nc3 Rc1 37. a6 Rxc3 38. a7 Ra3 39. a8=Q+ Rxa8 40. Bxa8 d2 41. Bd5+ Kg7 42. Bb3 Kf6 43. Kg1 f4 44. Kf1 f3 45. gxf3 exf3 46.
Bd1 Kf5 47. Bxf3 Kf4 48. Bd1 g5 49. Kg2 Ke4 50. Kg3 Kf5 51. Bc2+ Ke5 52. Kg4 Kf6 53. f3 Kf7 54. Kxg5 Kg7 55. Kf4 Kf6 56. Ke3 1-0

[Event "*** Titled Tuesday Blitz"]
[Site "Chess.com"]
[Date "2020.05.05"]
[Round "10"]
[White "RubensCezila"]
[Black "joksijoksi"]
[Result "0-1"]
[WhiteElo "2458"]
[BlackElo "2341"]
[TimeControl "180+1"]
[EndTime "11:58:05 PDT"]
[Termination "joksijoksi won by resignation"]

1. c4 Nf6 2. Nc3 c5 3. g3 g6 4. Bg2 Bg7 5. Nf3 O-O 6. O-O Nc6 7. a3 b6 8. Rb1 Bb7 9. b4 cxb4 10. axb4 d5 11. cxd5 Nxd5 12. Nxd5 Qxd5 13. b5 Nd4 14. Nh4 Qd7 15. Bxb7 Qxb7 16. e3 Ne6 17. d4 Rfd8 18.
Ba3 Rac8 19. Qf3 Qd7 20. Rfc1 Rxc1+ 21. Rxc1 Qxb5 22. Bxe7 Re8 23. Bf6 Qd3 24. Bxg7 Kxg7 25. Qb7 Ng5 26. Rc7 a5 27. Qxb6 a4 28. Qa7 a3 29. d5 Qd1+ 30. Kg2 Qxd5+ 31. Kg1 a2 32. Rc1 Nh3+ 0-1

[Event "*** Titled Tuesday Blitz"]
[Site "Chess.com"]
[Date "2020.05.05"]
[Round "10"]
[White "HrvojeZagreb"]
[Black "WinstonSilvakov"]
[Result "1-0"]
[WhiteElo "2107"]
[BlackElo "2133"]
[TimeControl "180+1"]
[EndTime "11:58:06 PDT"]
[Termination "HrvojeZagreb won by resignation"]

1. d4 Nf6 2. Bf4 c5 3. e3 cxd4 4. exd4 Qb6 5. Na3 Qxb2 6. Nb5 Na6 7. a3 Nd5 8. Bc4 Nc3 9. Qc1 Qxc1+ 10. Rxc1 Nxb5 11.
Bxb5 Kd8 12. Bxa6 bxa6 13. Nf3 Bb7 14. Ne5 Bxg2 15. Rg1 Bh3 16. Nxf7+ Ke8 17. Nxh8 g6 18. Rb1 d6 19. Rb7 Bd7 20. h4 Rc8 21. Kd2 Bg7 22.
Nxg6 hxg6 23. Rxg6 Bxd4 24. Rg8+ Kf7 25. Rxc8 Bxc8 26. Rc7 Bg4 27. Bxd6 Bxf2 28. Bxe7 Bb6 29. Rb7 Bf3 30. Rd7 Bg4 31. Rb7 Bf3 32. Rxb6 Bg4 33.
Rb7 1-0

[Event "*** Titled Tuesday Blitz"]
[Site "Chess.com"]
[Date "2020.05.05"]
[Round "10"]
[White "LiemLe"]
[Black "TheBigBoss04"]
[Result "1-0"]
[WhiteElo "2959"]
[BlackElo "2718"]
[TimeControl "180+1"]
[EndTime "11:58:11 PDT"]
[Termination "LiemLe won by resignation"]

1. e4 g6 2. d4 Bg7 3. Nc3 c6 4. Be3 d5 5. e5 c5 6. dxc5 Bxe5 7. Bd4 Bxd4 8. Qxd4 Nf6 9. O-O-O Nc6 10. Bb5 O-O 11.
Bxc6 bxc6 12. Nf3 Bg4 13. Rd3 Bxf3 14. Rxf3 Qc7 15. Re3 Rfe8 16. Rhe1 Rab8 17. g3 a5 18. a3 Qd7 19. f3 Qf5 20. b3 e5 21. Rxe5 Rxe5 22. Qxe5 Re8 23. Qxf5 Rxe1+ 24. Kd2 gxf5 25. Kxe1 f4 26. gxf4 Nh5 27. Ne2 Kf8 28. Nd4 Nxf4 29. Nxc6 Ne6 30. b4 a4 31. Kd2 Ke8 32. Ke3 Kd7 33.
Nd4 Ng5 34. h4 Nh3 35. Ne2 Kc6 36. f4 f5 37. Kf3 1-0

[Event "*** Titled Tuesday Blitz"]
[Site "Chess.com"]
[Date "2020.05.05"]
[Round "10"]
[White "Stewie_89"]
[Black "DaggiGretarsson"]
[Result "1-0"]
[WhiteElo "2643"]
[BlackElo "2515"]
[TimeControl "180+1"]
[EndTime "11:58:12 PDT"]
[Termination "Stewie_89 won on time"]

1. e4 g6 2. Nc3 Bg7 3. f4 c5 4. Nf3 Nc6 5. Bb5 Nd4 6. Nxd4 cxd4 7. Ne2 e6 8. O-O Ne7 9. d3 O-O 10. Ba4 d6 11. Bb3 Kh8 12. Qe1 Bd7 13. Qb4 Qb6 14.
Qxb6 axb6 15. Bd2 Rfc8 16. Bb4 Rc6 17. e5 Nf5 18. g4 Ne3 19. Nxd4 Nxf1 20. Nxc6 Bxc6 21.
Rxf1 dxe5 22. fxe5 Kg8 23. Bd6 Bh6 24. h4 Be3+ 25.
Kh2 Ba4 26. Kg3 Bxb3 27. axb3 h6 28. Kf3 Bc5 29. Bxc5 bxc5 30. Ke4 Ra2 31. Rb1 Kf8 32. b4 cxb4 33. Kd4 Ra5 34. Re1 b3 35. c4 1-0

[Event "*** Titled Tuesday Blitz"]
[Site "Chess.com"]
[Date "2020.05.05"]
[Round "10"]
[White "eljanov"]
[Black "aakankshachess"]
[Result "1-0"]
[WhiteElo "2898"]
[BlackElo "2499"]
[TimeControl "180+1"]
[EndTime "11:58:12 PDT"]
[Termination "eljanov won by checkmate"]

1. Nf3 Nf6 2. g3 g6 3. Bg2 Bg7 4. c4 d5 5. cxd5 Nxd5 6. d4 Nb6 7. O-O O-O 8. Nc3 Nc6 9. e3 Bg4 10. h3 Be6 11. b3 Nd5 12. Ne4 b6 13. Bb2 Na5 14. Qe2 Rc8 15. Rac1 Nb7 16. Rfd1 h6 17. Kh2 Nd6 18. Ned2 Nb4 19. a3 c5 20. axb4 cxb4 21.
e4 Rxc1 22. Rxc1 Bd7 23. Nc4 Bb5 24. d5 Bxc4 25. bxc4 Bxb2 26. Qxb2 Nxe4 27. Re1 Nc5 28. Re3 Qd6 29. Qxb4 a5 30. Qa3 Qf6 31. Qc3 Qd6 32. Nd4 a4 33. Nc6 Re8 34. h4 e6 35. h5 Qf8 36.
hxg6 fxg6 37. Nd4 e5 38. Ne6 Nxe6 39. dxe6 Qxf2 40. Qxe5 Re7 41. Rf3 Qc5 42. Rf8+ Kxf8 43. Qh8# 1-0

[Event "*** Titled Tuesday Blitz"]
[Site "Chess.com"]
[Date "2020.05.05"]
[Round "10"]
[White "AlexTriapishko"]
[Black "Sychev_Klementy"]
[Result "1-0"]
[WhiteElo "2780"]
[BlackElo "2878"]
[TimeControl "180+1"]
[EndTime "11:58:14 PDT"]
[Termination "AlexTriapishko won by resignation"]

1. Nf3 Nf6 2. g3 d5 3. Bg2 g6 4. O-O Bg7 5. d4 O-O 6. c3 Nbd7 7. Bf4 c5 8. a4 b6 9. Na3 Bb7 10. Ne5 Nh5 11. Nxd7 Qxd7 12. Be3 e5 13. dxc5 d4 14. Bxb7 Qxb7 15. cxd4 exd4 16. Bxd4 Rad8 17. c6 Qxc6 18.
e3 Bxd4 19. exd4 Ng7 20. Rc1 Qd5 21. Nb5 Ne6 22. Nc7 Qxd4 23. Nxe6 fxe6 24. Qe2 Qf6 25.
Rc6 Rfe8 26. Re1 Kf7 27. Rc3 Rd7 28. Rf3 1-0

[Event "*** Titled Tuesday Blitz"]
[Site "Chess.com"]
[Date "2020.05.05"]
[Round "10"]
[White "Rozum_Ivan"]
[Black "Sanyura"]
[Result "0-1"]
[WhiteElo "2654"]
[BlackElo "2503"]
[TimeControl "180+1"]
[EndTime "11:58:14 PDT"]
[Termination "Sanyura won by resignation"]

1. Nf3 Nf6 2. g3 g6 3. b3 Bg7 4. Bb2 O-O 5. Bg2 d6 6. O-O Nbd7 7. d4 e5 8. dxe5 Ng4 9. c4 Ngxe5 10. Nc3 a5 11.
Qd2 Nxf3+ 12. Bxf3 Ne5 13. Bg2 a4 14. Rad1 axb3 15.
axb3 Be6 16. Ra1 Rxa1 17. Rxa1 c6 18. Ne4 Qb6 19. Qc2 Bf5 20. Rd1 Bxe4 21. Bxe4 Ng4 22. Rf1 Ne3 23. fxe3 Qxe3+ 24. Kg2 Bxb2 25. Bxg6 hxg6 26.
Qxb2 Re8 27. Rf2 Qe4+ 28. Kg1 Re5 29. Qd2 Qb1+ 30. Rf1 Qxb3 31. Qxd6 Qe3+ 32. Kh1 Qxe2 33. Qd8+ Re8 34. Qf6 Qxc4 35. Kg2 Qd5+ 36. Rf3 Re2+ 0-1

[Event "*** Titled Tuesday Blitz"]
[Site "Chess.com"]
[Date "2020.05.05"]
[Round "10"]
[White "guillembaches"]
[Black "Susal_De_Silva"]
[Result "1-0"]
[WhiteElo "2414"]
[BlackElo "2248"]
[TimeControl "180+1"]
[EndTime "11:58:15 PDT"]
[Termination "guillembaches won by resignation"]

1. e4 e5 2. Nf3 Nc6 3. Nc3 Nf6 4. d4 Bb4 5. dxe5 Nxe4 6. Qd3 d5 7. exd6 Bxc3+ 8. bxc3 Nxd6 9. Bg5 f6 10. Bf4 O-O 11. Be2 Bf5 12. Qd5+ Kh8 13. Bxd6 Ne7 14. Qxb7 Qxd6 15.
O-O Bxc2 16. Qb4 Rab8 17. Qxd6 cxd6 18. Nd4 Bg6 19. Rfe1 Nd5 20. c4 Nb4 21. a3 Nd3 22. Red1 Ne5 23. Nb5 d5 24. cxd5 a6 25. Nd4 Rb6 26.
Rac1 Bf7 27. Nc6 Nxc6 28. dxc6 Be6 29. c7 g6 30. Rd8 Kg7 31. Rxf8 Kxf8 32. c8=Q+ Bxc8 33. Rxc8+ Kg7 34. Rc7+ 1-0

[Event "*** Titled Tuesday Blitz"]
[Site "Chess.com"]
[Date "2020.05.05"]
[Round "10"]
[White "BIG_Pirate"]
[Black "Islamovqaasim"]
[Result "1-0"]
[WhiteElo "2300"]
[BlackElo "2067"]
[TimeControl "180+1"]
[EndTime "11:58:15 PDT"]
[Termination "BIG_Pirate won by checkmate"]

1. Nf3 Nf6 2. c4 c5 3. Nc3 b6 4. g3 Bb7 5. Bg2 e6 6. O-O Be7 7. d4 cxd4 8. Qxd4 Bc5 9. Qf4 O-O 10. Rd1 Qe7 11. a3 a5 12. Na4 Na6 13. Nxc5 Nxc5 14. Qe3 d5 15. Ne5 dxc4 16. Bxb7 Qxb7 17. Nxc4 a4 18. Bd2 Qd5 19. Nxb6 Qh5 20. Nxa8 Ng4 21.
Qf3 Qxh2+ 22. Kf1 Ne4 23. Be3 f5 24. Nc7 Qh5 25. Qg2 Rc8 26. Rac1 Rb8 27. Nxe6 h6 28. Nf4 Qf7 29. Nd3 Qh5 30. Nc5 Rxb2 31. Nxe4 fxe4 32. Qxe4 Nh2+ 33. Kg2 Ng4 34. Qd5+ Kh7 35. Qxh5 Nxe3+ 36. fxe3 Rxe2+ 37. Kh3 Rh2+ 38. Kxh2 g6 39. Qh3 Kg8 40. Qg2 g5 41. Qd5+ Kg7 42. Rc7+ Kg6 43. Qd6+ Kh5 44. Rc6 Kg4 45. Qxh6 Kf3 46. Qh5+ Kf2 47.
Rd2+ Ke1 48. Qe2# 1-0

[Event "*** Titled Tuesday Blitz"]
[Site "Chess.com"]
[Date "2020.05.05"]
[Round "10"]
[White "Chessmatus"]
[Black "Leonid_Starozhilov"]
[Result "0-1"]
[WhiteElo "2408"]
[BlackElo "2652"]
[TimeControl "180+1"]
[EndTime "11:58:16 PDT"]
[Termination "Leonid_Starozhilov won by resignation"]

1. e4 d6 2. d4 Nf6 3. Nc3 Nbd7 4. Nf3 e5 5. Bc4 Be7 6. O-O O-O 7. Re1 c6 8. a4 b6 9. d5 Bb7 10. dxc6 Bxc6 11.
Bd5 Nxd5 12. Nxd5 Nf6 13. c4 Nxd5 14. cxd5 Bd7 15. b4 f5 16. Nd2 Rc8 17. Qb3 fxe4 18. Nxe4 Bf5 19. Bd2 Bh4 20. Ng3 Qf6 21. Be3 Bc2 22.
Qb2 Bg6 23. Rac1 Qf7 24. Qb3 Bxg3 25. hxg3 h6 26. a5 bxa5 27. bxa5 Be4 28. Bxa7 Rxc1 29.
Rxc1 Qxa7 30. Qb6 Qxb6 31. axb6 0-1

[Event "*** Titled Tuesday Blitz"]
[Site "Chess.com"]
[Date "2020.05.05"]
[Round "10"]
[White "PlayChessSimple"]
[Black "PaulfromSPb"]
[Result "0-1"]
[WhiteElo "2494"]
[BlackElo "2626"]
[TimeControl "180+1"]
[EndTime "11:58:17 PDT"]
[Termination "PaulfromSPb won on time"]

1. e4 c5 2. Nf3 d6 3. d4 cxd4 4. Nxd4 Nf6 5. Nc3 a6 6. g3 g6 7. Bg2 Bg7 8. O-O O-O 9. h3 Qc7 10. Be3 Nbd7 11. Qd2 Ne5 12. b3 Re8 13. f4 Nc6 14. g4 Nxd4 15. Bxd4 e5 16. Be3 exf4 17. Bxf4 Nxg4 18. Nd5 Qc5+ 19. Kh1 Ne5 20. Bh6 Bh8 21. Qf4 f5 22. Rae1 Be6 23. Ne3 fxe4 24. Bxe4 Nf7 25. c4 Qh5 26. Ng4 Qxh3+ 27. Kg1 Qxg4+ 28. Qxg4 Bxg4 29. Bd5 Bf5 30. Kh2 Rxe1 31. Rxe1 Be5+ 32. Kh1 Rb8 33. b4 b6 34. c5 bxc5 35. bxc5 Rb5 36. Be3 Kg7 37.
Rd1 dxc5 38. a4 Rb2 0-1

[Event "*** Titled Tuesday Blitz"]
[Site "Chess.com"]
[Date "2020.05.05"]
[Round "10"]
[White "vovachesss"]
[Black "UmutErdemGunduz"]
[Result "1-0"]
[WhiteElo "2557"]
[BlackElo "2409"]
[TimeControl "180+1"]
[EndTime "11:58:19 PDT"]
[Termination "vovachesss won by resignation"]

1. d4 Nf6 2. Nc3 d5 3. Bf4 c6 4. f3 Bf5 5. g4 Bg6 6. h4 h6 7. e3 e6 8. Bd3 Bxd3 9. Qxd3 Bd6 10. Nge2 Qe7 11. O-O-O Nbd7 12. Bxd6 Qxd6 13. e4 dxe4 14. fxe4 e5 15. g5 Ng4 16. Qg3 h5 17. d5 O-O-O 18.
dxc6 Qxc6 19. Nd5 Kb8 20. Rhf1 f6 21. Nd4 Qa4 22. Kb1 Nb6 23. Ne6 Rc8 24. Qb3 Qxb3 25. axb3 Nxd5 26. exd5 Ne3 27. Nxg7 Nxd1 28. Rxd1 fxg5 29.
hxg5 Kc7 30. g6 h4 31. c4 b6 32. Ne6+ Kd6 33. g7 Rh6 34. Nf8 Rg6 35. Nxg6 Rg8 36.
Nxh4 Rxg7 37. Nf5+ 1-0

[Event "*** Titled Tuesday Blitz"]
[Site "Chess.com"]
[Date "2020.05.05"]
[Round "10"]
[White "turayev_shahruh17"]
[Black "Nafania1"]
[Result "0-1"]
[WhiteElo "2533"]
[BlackElo "2424"]
[TimeControl "180+1"]
[EndTime "11:58:20 PDT"]
[Termination "Nafania1 won by resignation"]

1. e4 e6 2. Nc3 d5 3. d4 h6 4.
exd5 exd5 5. Bf4 Bb4 6. Bd3 Nf6 7. Ne2 O-O 8. O-O c6 9. a3 Bd6 10. Qd2 Re8 11. Ng3 Be6 12. Nce2 Qc7 13. Bxh6 gxh6 14. Qxh6 Qd8 15. Nh5 Nxh5 16. Bh7+ Kh8 17. Qxh5 Kg7 18. Bf5 Bxf5 19. Qxf5 Qf6 20. Qh5 Rh8 21. Qg4+ Qg6 22. Qxg6+ fxg6 23. g3 Nd7 24. Kg2 Rae8 25. Ng1 Re4 26.
c3 Rhe8 27. f3 Re3 28. Rad1 Nb6 29. Rf2 Nc4 30. h4 a5 31. Rdf1 Rd3 32. Rc1 a4 33.
Nh3 Rd2 34. Rc2 Rxc2 35. Rxc2 Ne3+ 36. Kf2 Nxc2 37. Ng5 Na1 38. f4 Nb3 39. Kf3 Nd2+ 40. Kg4 Ne4 41. f5 Nxg5 42. hxg5 Re4+ 43. Kf3 gxf5 44. g4 fxg4+ 0-1

[Event "*** Titled Tuesday Blitz"]
[Site "Chess.com"]
[Date "2020.05.05"]
[Round "10"]
[White "MikhailovViacheslav"]
[Black "OparinGrigoriy"]
[Result "1-0"]
[WhiteElo "2694"]
[BlackElo "2923"]
[TimeControl "180+1"]
[EndTime "11:58:21 PDT"]
[Termination "MikhailovViacheslav won on time"]

1. Nf3 Nf6 2. g3 d5 3. Bg2 c5 4.
O-O g6 5. d4 cxd4 6. Nxd4 Bg7 7. c4 O-O 8. cxd5 Nxd5 9. Nc3 Nxc3 10. bxc3 Qc7 11. Qb3 Na6 12. Ba3 Rd8 13. Rfd1 Rd7 14. Rd2 e5 15. Nb5 Qb6 16. Rd5 Nc7 17. Nxc7 Qxc7 18.
Rb1 Rb8 19. Rbd1 Rxd5 20. Bxd5 Bf8 21. Bxf8 Kxf8 22. Qa3+ Kg7 23. Qxa7 Bh3 24. Rb1 Rd8 25. c4 Bc8 26. Qe3 h5 27. h4 Qe7 28. a4 Rd6 29.
a5 Ra6 30. Rb5 Qf6 31. Rb6 Rxb6 32. Qxb6 Qe7 33. e4 Qa3 34. Qc7 Qa1+ 35. Kh2 1-0

[Event "*** Titled Tuesday Blitz"]
[Site "Chess.com"]
[Date "2020.05.05"]
[Round "10"]
[White "Kate1606"]
[Black "coalescenet"]
[Result "0-1"]
[WhiteElo "2096"]
[BlackElo "2257"]
[TimeControl "180+1"]
[EndTime "11:58:21 PDT"]
[Termination "coalescenet won on time"]

1. e4 c6 2. d4 d5 3. exd5 cxd5 4.
Bd3 Nc6 5. c3 Qc7 6. Ne2 Bg4 7. f3 Bd7 8. Bf4 e5 9. dxe5 Nxe5 10. O-O Bd6 11. Re1 Ne7 12. Bxe5 Bxe5 13. Nd2 Bxh2+ 14. Kh1 Bg3 15. Nxg3 Qxg3 16. Qe2 Be6 17.
Bb5+ Nc6 18. Nf1 Qh4+ 19. Kg1 O-O 20. Ne3 a6 21. Ba4 Na5 22. Bc2 Nc4 23. Qd3 Nxb2 24. Qf1 Rac8 25. Rab1 Nc4 26. Nxc4 Qxc4 27. Rxb7 Qxc3 28.
Bb1 d4 29. Rb3 Bxb3 30. axb3 a5 31. Qf2 d3 32. Qh4 g6 33. Qe4 d2 34. Rd1 Rfe8 35. Qf4 Re1+ 36. Kh2 Rxd1 37. Qg4 Rh1+ 38. Kg3 d1=Q 39.
Kf4 Qd6+ 0-1

[Event "*** Titled Tuesday Blitz"]
[Site "Chess.com"]
[Date "2020.05.05"]
[Round "10"]
[White "Grandmaster2B"]
[Black "StephenDedalus83"]
[Result "1-0"]
[WhiteElo "2501"]
[BlackElo "2652"]
[TimeControl "180+1"]
[EndTime "11:58:22 PDT"]
[Termination "Grandmaster2B won by resignation"]

1. e4 c5 2. Nf3 d6 3. d4 cxd4 4. Nxd4 Nf6 5. Nc3 g6 6. Be3 Bg7 7. f3 O-O 8. Bc4 Nc6 9. Qd2 Nxd4 10. Bxd4 Be6 11. Bb3 Qa5 12. O-O Nd7 13. Bxg7 Kxg7 14. Rfd1 Rfc8 15. Qd4+ Qe5 16. Nd5 Qxd4+ 17. Rxd4 Bxd5 18.
Rxd5 Rc7 19. Rad1 Rac8 20. c3 Ne5 21. Kf2 b6 22. Ke3 Kf6 23. R1d2 Rc5 24. h3 b5 25. f4 Nc4+ 26. Bxc4 bxc4 27. e5+ dxe5 28. fxe5+ Ke6 29. Ke4 R8c7 30. g4 g5 31. a3 a6 32.
Rxc5 Rxc5 33. Rf2 Rxe5+ 34. Kd4 h6 35. Rxf7 Re2 36. Rh7 Kd6 37. Rxh6+ e6 38. Kxc4 Rxb2 39. Rg6 Rh2 40. Rxg5 Rxh3 41. Ra5 Rg3 42. Rxa6+ Ke7 43. a4 Rxg4+ 44. Kb5 Rg5+ 45. Kb6 e5 46. Ra5 Kd6 47. c4 Rg6 48. Rd5+ Ke6 49. Kc5 Kf5 50. a5 Kf4 51. Kb5 e4 52. a6 e3 53. Rd1 e2 54.
Re1 Ke3 55. a7 Rg8 56. c5 Kd2 57. Rxe2+ Kxe2 58. Kb6 Kd3 59. c6 Kd4 60. c7 Kd5 61. Kb7 Kd6 62. c8=Q 1-0

[Event "*** Titled Tuesday Blitz"]
[Site "Chess.com"]
[Date "2020.05.05"]
[Round "10"]
[White "violetflower04"]
[Black "Bacyanide"]
[Result "0-1"]
[WhiteElo "2210"]
[BlackElo "2403"]
[TimeControl "180+1"]
[EndTime "11:58:22 PDT"]
[Termination "Bacyanide won by checkmate"]

1. b3 Nf6 2. Bb2 g6 3. e3 Bg7 4.
Nf3 d5 5. d4 O-O 6. c4 dxc4 7.
bxc4 c5 8. Be2 cxd4 9. exd4 Bg4 10. O-O Nc6 11. d5 Na5 12. Nbd2 Rc8 13. Rc1 b6 14. Nd4 Bxe2 15. Qxe2 Nd7 16. Bc3 Nc5 17. Bxa5 Bxd4 18. Bc3 Bxc3 19. Rxc3 Qd6 20. Re1 e6 21. dxe6 Qxe6 22. Qxe6 Nxe6 23. Ne4 Rc6 24. Rec1 Rfc8 25. Kf1 Kg7 26. Ke2 Nc5 27. Nxc5 Rxc5 28. f3 b5 29. Kd3 Rd8+ 30. Ke3 b4 31. Rd3 Rdc8 32.
Rd7 a5 33. Ra7 Rxc4 34. Rxc4 Rxc4 35. Rxa5 Rc2 36. Rb5 Rxg2 37. Rxb4 Rxh2 38. a4 Ra2 39. Kf4 h5 40. Kg5 f6+ 41. Kh4 Kh6 42. f4 g5+ 43.
fxg5+ fxg5+ 44. Kh3 Ra3+ 45. Kg2 h4 46. Kh2 Kh5 47. Kg2 Ra2+ 48. Kg1 h3 49. Rb3 g4 50.
Rb5+ Kh4 51. a5 g3 52. Rb4+ Kg5 53. Rb5+ Kf4 54. Rb4+ Ke5 55. Rb5+ Kd6 56. Rh5 Ra1# 0-1